 Dungeon Sprint DCSS version 0.29.0-7-g18a832c13a (webtiles) character file.

Game seed: 16940453137765137727

50 ImASeal the Shield-Bearer (level 5, -13/59 HPs)
             Began as a Troll Fighter on Sept 1, 2022.
             Was an Initiate of Gozag.
             Engulfed by a cloud of flame (24 damage)
             ... in the Dungeon (Sprint VI: "Thunderdome").
             The game lasted 00:06:54 (460 turns).

ImASeal the Shield-Bearer (Troll Fighter)            Turns: 460, Time: 00:06:54

Health: -13/59     AC:  4    Str: 26    XL:     5   Next: 78%
Magic:  4/4        EV: 10    Int:  4    God:    Gozag
Gold:   775        SH:  8    Dex:  9    Spells: 4/4 levels left

rFire   . . .      SeeInvis .   o - +2 club (spect)
rCold   . . .      Faith    .   c - +0 kite shield
rNeg    . . .      Spirit   .   b - +0 robe
rPois   .          Reflect  .   (helmet restricted)
rElec   .          Harm     .   (no cloak)
rCorr   .          Rampage  .   (gloves unavailable)
Will    .....      NoTele   +   (boots unavailable)
Stlth   +.........              (no amulet)
HPRegen 0.99/turn               (no ring)
MPRegen 0.09/turn               (no ring)

@: gold aura
A: large, unfitting armour, claws 3, regeneration 1, shaggy fur 1, tough skin 1
a: Renounce Religion, Potion Petition, Call Merchant, Bribe Branch


You were in the Dungeon.
You worshipped Gozag.
Gozag was pleased with you.
You visited 1 branch You collected 775 gold pieces.

Inventory:

Hand Weapons
 a - a +0 flail
 o - a +2 spectral club (weapon)
 p - a +0 vampiric scythe
Armour
 b - a +0 robe (worn)
 c - a +0 kite shield (worn)
Wands
 l - a wand of quicksilver (5)
 m - a wand of roots (5)
Scrolls
 j - 4 scrolls of blinking
 n - 3 scrolls of butterflies
Potions
 d - a potion of might
 e - a potion of curing
 f - 3 potions of heal wounds
 g - 4 potions of haste
 h - 2 potions of magic
 i - 2 potions of berserk rage
 k - a potion of resistance


   Skills:
 + Level 5.9 Fighting
 + Level 4.1 Maces & Flails
 + Level 5.9 Dodging
 + Level 6.6 Shields


You had 4 spell levels left.
You didn't know any spells.
Your spell library was empty.

Dungeon Overview and Level Annotations

Branches:
Dungeon (1/1)

Altars:
Cheibriados
Dithmenos
Fedhas
Gozag
Kikubaaqudgha
Makhleb
Okawaru
Qazlal
Ru
Sif Muna
Trog
Uskayaw
Vehumet
Wu Jian
Xom
Yredelemnul
Zin
The Shining One
Lugonu

Shops:
D *[??*?*:[((!!!!


Innate Abilities, Weirdness & Mutations

You are too large for most types of armour.
You have claws for hands.
Your natural rate of healing is unusually fast.
You are covered in fur. (AC +1)
You have tough skin. (AC +1)


Message History

HP restored.
You see here a +0 dagger.
A kamikaze kobold comes into view. It is wielding a +0 dagger.
A kamikaze kobold is nearby!
The kamikaze kobold throws a stone.
The stone barely misses you.
The kamikaze kobold throws a stone.
You block the stone.
You see here 27 gold pieces.
The kamikaze kobold throws a stone.
You block the stone.
You closely miss the kamikaze kobold.
Your +2 spectral club barely misses the kamikaze kobold.
The kamikaze kobold hits you with a +0 dagger.
You closely miss the kamikaze kobold.
Your +2 spectral club hits the kamikaze kobold.
The kamikaze kobold explodes!
The fiery explosion engulfs you!!
The fiery explosion engulfs your +2 spectral club!
Your +2 spectral club resists.
You are engulfed in blazing flames.
* * * LOW HITPOINT WARNING * * *
Your +2 spectral club is engulfed in blazing flames. x3
You start resting.
A kamikaze kobold comes into view. It is wielding a +0 whip.
A kamikaze kobold is nearby!
The kamikaze kobold shouts!
You see here 27 gold pieces.
You can't wield that with only one hand.
You are too injured to fight recklessly!
You are too injured to fight recklessly!
You see here 27 gold pieces.
The kamikaze kobold hits you but does no damage.
You barely miss the kamikaze kobold.
Your +2 spectral club hits the kamikaze kobold.
The kamikaze kobold explodes!
The fiery explosion engulfs your +2 spectral club!
Your +2 spectral club resists.
The fiery explosion engulfs you!!
* * * LOW HITPOINT WARNING * * *
You are engulfed in blazing flames.
You die...
Your body crumbles into a pile of gold.

#_......._# #_..[...._#
###.........###
#⌠...........⌠#
######.8[(.......8.###
##.___...(..###..§...__
###∩........8.# #.8......
##......$......###........
#⌠......§@§.###...###.....
#⌠......(§§.# #.<.# #.....
#⌠......§.§.###...###.....
##.............###........
###∩..)..$..8.# #.8......
##∩.__....).###.[...._.
######.8..$......8.###
#⌠[..........⌠#
###.........###


You could see a friendly +2 spectral club (summoned).

Vanquished Creatures
  Sigmund (D)
  Jessica (D)
  An iguana (D)
  Terence (D)
  3 orcs (D)
  A bat (D)
  A frilled lizard (D)
  5 kobolds (D)
14 creatures vanquished.

Notes
Turn   | Place    | Note
-------+----------+-------------------------------------------
     0 | D        | ImASeal the Troll Fighter began the quest for the Orb.
     0 | D        | Reached XP level 1. HP: 22/22 MP: 0/0
     1 | D        | Found an ancient bone altar of Kikubaaqudgha.
     1 | D        | Found a shimmering altar of Xom.
     2 | D        | Found an opulent altar of Gozag.
     2 | D        | Found a snail-covered altar of Cheibriados.
     3 | D        | Found a shimmering blue altar of Sif Muna.
     3 | D        | Found a sacrificial altar of Ru.
     4 | D        | Found a glowing golden altar of the Shining One.
     4 | D        | Found Curutef's Staff Store.
     4 | D        | Found Semogiem's Magic Scroll Shop.
     5 | D        | Found Jebynk's Must-Have Magic.
     5 | D        | Found Wiotam's Magic Scroll Shop.
     5 | D        | Round 1.
    12 | D        | Noticed Jessica
    25 | D        | Killed Jessica
    26 | D        | Reached skill level 4 in Shields
    26 | D        | Reached XP level 2. HP: 31/31 MP: 1/1
    41 | D        | Found an iron altar of Okawaru.
    46 | D        | Found Wumafo's Distillery.
    47 | D        | Found Umuuqil's Distillery.
    47 | D        | Found Welleq's Bottled Wisdom.
    47 | D        | Found a radiant altar of Vehumet.
    47 | D        | Found a corrupted altar of Lugonu.
    47 | D        | Found Ynaun's Do-It-Yourself Clinic.
    53 | D        | Became a worshipper of Gozag Ym Sagoz the Greedy
    66 | D        | Found a blossoming altar of Fedhas.
    70 | D        | Found an ornate altar of the Wu Jian Council.
    70 | D        | Found a stormy altar of Qazlal.
    70 | D        | Found Poonuo Pierch's Weapon Rack.
    70 | D        | Found Wieb's Basic Armour.
    71 | D        | Found Zaakk's Miscellaneous Merchandise.
    77 | D        | Found Somui's Premium Goods.
    77 | D        | Found a glowing silver altar of Zin.
    77 | D        | Found a bloodstained altar of Trog.
    90 | D        | Found a hide-covered altar of Uskayaw.
    92 | D        | Found a basalt altar of Yredelemnul.
    92 | D        | Found Linin's Identification Station.
    92 | D        | Found Asaper's Advanced Armour.
    93 | D        | Found Achoeb's Jewellery.
    99 | D        | Found a shadowy altar of Dithmenos.
    99 | D        | Found a burning altar of Makhleb.
   110 | D        | Noticed Sigmund
   126 | D        | Killed Sigmund
   127 | D        | Reached skill level 5 in Fighting
   127 | D        | Reached skill level 5 in Dodging
   127 | D        | Reached skill level 6 in Shields
   127 | D        | Reached XP level 3. HP: 18/42 MP: 2/2
   127 | D        | Reached XP level 4. HP: 22/50 MP: 3/3
   127 | D        | Reached XP level 5. HP: 25/57 MP: 4/4
   137 | D        | Arena points: 14 (+14) [x2]
   209 | D        | Round 2.
   216 | D        | Noticed Terence
   245 | D        | Killed Terence
   320 | D        | Arena points: 50 (+36) [x3]
   374 | D        | Round 3.
   460 | D        | Engulfed by a cloud of flame

Illustrated notes

Levels and vault maps discovered:
D:        arena_sprint

Skill      XL: |  1  2  3  4  5 |
---------------+----------------+-----
Fighting       | 3 5 |  5.9
Maces & Flails | 2 3 4 |  4.1
Dodging        | 3 5 |  5.9
Shields        | 4 6 |  6.6

Action                   |  1- 3 |  4- 6 || total
-------------------------+-------+-------++-------
Melee: Flail             |     7 |       ||     7
       Club              |     7 |    28 ||    35
  Use: Potion            |     1 |       ||     1
Armor: Robe              |     3 |     6 ||     9
Dodge: Dodged            |     7 |     5 ||    12
Block: Kite shield       |     7 |     6 ||    13
